 Dungeon Crawl Stone Soup version 0.18.1-48-g4cf74bf (webtiles) character file.

7 Alarkh the Ruffian (level 2, 12/24 HPs)
             Began as a Ghoul Skald on July 17, 2016.
             Safely got out of the dungeon.
             The game lasted 00:00:58 (169 turns).

Alarkh the Ruffian (Ghoul Skald)                     Turns: 169, Time: 00:00:58

Health: 12/24      AC:  3    Str: 15    XL:     2   Next: 4%
Magic:  3/3        EV: 11    Int:  7    God:
Gold:   11         SH:  0    Dex:  8    Spells: 1 memorised, 3 levels left

rFire  . . .     SeeInvis .       - Unarmed
rCold  + . .     Gourm    .     a - +0 leather armour
rNeg   + + +     Faith    .     (no shield)
rPois  ∞         Spirit   .     (no helmet)
rElec  .         Dismiss  .     (no cloak)
rCorr  .         Reflect  .     (no gloves)
SustAt .         Harm     .     (no boots)
MR     .....                    (no amulet)
Stlth  +.........               (no ring)
                                (no ring)

@: rotting, not resistant to hostile enchantments, very unstealthy
A: rotting body, claws 1, carnivore 3, cold resistance 1, negative energy
resistance 3, slow regeneration 1, torment resistance, unbreathing
a: no special abilities


You escaped.
You were not hungry.

You visited 1 branch of the dungeon, and saw 1 of its levels.

You collected 11 gold pieces.

Inventory:

Armour
 a - a +0 leather armour (worn)
Potions
 e - a potion of flight {unknown}
Books
 b - a book of Battle

   Spells                             Type                      Level
   a - Infusion                       Charms                       1
   b - Shroud of Golubria             Charms/Translocation         2
   c - Song of Slaying                Charms                       2
   d - Spectral Weapon                Hexes/Charms                 3
   e - Regeneration                   Charms/Necromancy            3
Comestibles
 c - a meat ration
 d - 2 chunks of flesh


   Skills:
 - Level 2.1 Fighting
 - Level 0.8 Armour
 - Level 0.8 Dodging
 + Level 3.0 Unarmed Combat
 - Level 1.7 Spellcasting
 - Level 2.6 Charms


You had 3 spell levels left.
You knew the following spells:

 Your Spells              Type           Power        Failure   Level  Hunger
a - Infusion              Chrm           #...         17%         1    ##.....


Dungeon Overview and Level Annotations

Branches:
Dungeon (1/15)

Altars:


Innate Abilities, Weirdness & Mutations

Your body is rotting away.
You thrive on raw meat.
You are immune to poison.
You have sharp fingernails.
You are carnivorous and can eat meat at any time.
Your flesh is cold resistant.
You are immune to negative energy.
You regenerate slowly when monsters are visible.
You are immune to unholy pain and torment.
You can survive without breathing.


Message History

You see here a giant newt corpse.
You see here a giant newt corpse.
The vine stalker shouts!
The merfolk shouts!
There is an open door here.
The halfling shouts!
The dwarf shouts!
The centaur shouts!
The ogre shouts!
The troll shouts!
The felid hisses angrily.
You see here a mace.
The draconian roars!
You hear a shout!
The kobold shouts!
The naga shouts!
The elf shouts!
The tengu shouts!
The orc shouts!
The human shouts!
The demonspawn shouts!
The demigod shouts!
The minotaur bellows!
There is an open door here.
There is a staircase leading out of the dungeon here.
Are you sure you want to leave the Dungeon?
This will make you lose the game!
You have escaped!

###############
#M#N#Q#o#6#n#p####
###############..#
..............'.@#
###############..#
#K#e#x#p#i#.#H####
###############


There were no monsters in sight!

Vanquished Creatures
  A dart slug (D:1)
  2 goblins (D:1)
  A bat (D:1)
  A giant newt (D:1)
  A kobold (D:1)
6 creatures vanquished.

Notes
Turn   | Place    | Note
--------------------------------------------------------------
     0 | D:1      | Alarkh the Ghoul Skald began the quest for the Orb.
     0 | D:1      | Reached XP level 1. HP: 17/17 MP: 2/2
     2 | D:1      | Noticed a demigod
     2 | D:1      | Noticed a minotaur
     4 | D:1      | Noticed a ghoul
     6 | D:1      | Noticed a demonspawn
     6 | D:1      | Noticed a spriggan
     8 | D:1      | Noticed a human
    10 | D:1      | Noticed a tengu
    10 | D:1      | Noticed an octopode
    12 | D:1      | Noticed a naga
    12 | D:1      | Noticed an elf
    16 | D:1      | Noticed a gargoyle
    16 | D:1      | Noticed a draconian
    18 | D:1      | Noticed a felid
    18 | D:1      | Noticed a formicid
    20 | D:1      | Noticed an ogre
    20 | D:1      | Noticed a troll
    22 | D:1      | Noticed a centaur
    22 | D:1      | Noticed a vampire
    24 | D:1      | Noticed a halfling
    24 | D:1      | Noticed a dwarf
    26 | D:1      | Noticed a vine stalker
    26 | D:1      | Noticed a merfolk
   101 | D:1      | Reached XP level 2. HP: 9/24 MP: 3/3
   114 | D:1      | Reached skill level 3 in Unarmed Combat
   169 | D:$      | Safely got out of the dungeon.

Skill      XL: |  1  2 |
---------------+-------+-----
Unarmed Combat | 3 |  3.0
Fighting       | |  2.1
Armour         | |  0.8
Dodging        | |  0.8
Spellcasting   | |  1.7
Charms         | |  2.6

Action                   || total
-------------------------++-------
Melee: Unarmed           ||    25
  Eat: Chunk             ||     2
Armor: Leather armour    ||     9
Dodge: Dodged            ||    14
